 Dungeon Crawl Stone Soup version 0.31-a0-1522-g43313d8a59 (webtiles) character file.

Game seed: 14353926981389293202

2807 Curundu the Grappler (level 9, -4/80 (85) HPs)
             Began as a Troll Berserker on Dec 31, 2023.
             Was an Elder of Trog.
             Slain by a wight
             ... wielding a +3 trident of freezing
              (10 damage)
             ... on level 7 of the Dungeon.
             The game lasted 00:17:39 (5016 turns).

Curundu the Grappler (Troll Berserker)              Turns: 5016, Time: 00:17:40

HP:   -4/80 (85)    AC:  8    Str: 31    XL:     9   Next: 44%
MP:   8/8           EV: 11    Int:  3    God:    Trog [****..]
Gold: 287           SH:  0    Dex:  9    Spells: 8/8 levels left

rFire   . .          .
                       - Unarmed
rCold   . . .        (no shield)
rNeg    . . .        a - +0 animal skin
rPois   .            (helmet restricted)
rElec   .            (no cloak)
rCorr   .            (gloves unavailable)
SInv    .            (boots unavailable)
Will    .....        k - amulet of regeneration
Stlth   ++           z - +4 ring of protection
HPRegen 1.93/turn    (no ring)
MPRegen 0.11/turn

%: no passive effects
@: drained
A: large, unfitting armour, claws 3, regeneration 1, shaggy fur 1, tough skin 1
a: Renounce Religion, Berserk, Trog's Hand, Brothers in Arms


You were on level 7 of the Dungeon.
You worshipped Trog.
Trog was greatly pleased with you.
You visited 1 branch of the dungeon, and saw 7 of its levels.

You collected 327 gold pieces.
You spent 40 gold pieces at shops.

Inventory:

Hand Weapons
 B - the +9 sling of the Unkillable {heavy, rF+ Int+2}
   (You found it on level 6 of the Dungeon)

   Int+2:     It affects your intelligence (+2).
   rF+:       It protects you from fire.
Missiles
 b - 25 poisoned darts
 h - 10 boomerangs
 y - 2 throwing nets
 D - 18 stones
Armour
 a - a +0 animal skin (worn)
Jewellery
 j - a ring of ice
 k - an amulet of regeneration (around neck)
 o - a ring of protection from cold
 q - a ring of poison resistance
 u - a ring of positive energy
 w - a ring of magical power
 z - a +4 ring of protection (left claw)
Wands
 l - a wand of flame (11)
 x - a wand of iceblast (13) (quivered)
 I - a wand of polymorph (12)
Scrolls
 c - a scroll of amnesia {unknown}
 d - 4 scrolls of teleportation
 e - 2 scrolls of vulnerability {unknown}
 m - a scroll of brand weapon {unknown}
 r - a scroll of blinking {unknown}
 s - 4 scrolls of identify
 v - a scroll of acquirement {unknown}
 A - 2 scrolls of poison {unknown}
 E - a scroll of revelation {unknown}
 F - a scroll of fear {unknown}
Potions
 f - 3 potions of mutation {unknown}
 g - a potion of lignification {unknown}
 i - 2 potions of berserk rage
 n - 2 potions of haste {unknown}
 p - a potion of enlightenment {unknown}
 t - 2 potions of might {unknown}
 C - 2 potions of resistance {unknown}
 G - a potion of heal wounds {unknown}
 H - 2 potions of brilliance {unknown}


   Skills:
 + Level 4.5 Fighting
 + Level 1.3 Ranged Weapons
 + Level 0.3 Throwing
 + Level 5.5 Dodging
 + Level 1.9 Stealth
 + Level 10.2 Unarmed Combat


You had 8 spell levels left.
You didn't know any spells.
Your spell library was empty.

Dungeon Overview and Level Annotations

Branches:
Dungeon (7/15)             Temple (0/1) D:5

Altars:
Gozag
Nemelex Xobeh
Trog

Shops:
D:2 ?

Annotations:
D:5 3 runed translucent doors, pigah's ghost, novice OpSh


Innate Abilities, Weirdness & Mutations

You are too large for most types of armour.
You have claws for hands.
Your natural rate of healing is unusually fast.
You are covered in fur. (AC +1)
You have tough skin. (AC +1)


Message History

You feel drained.
You closely miss Joseph.
Joseph is severely wounded.
The wight hits you with a +1 scimitar of freezing.
* * * LOW HITPOINT WARNING * * *
You feel drained. The wight freezes you.
* * * LOW HITPOINT WARNING * * *
You mangle Joseph!!
You kill Joseph!
Trog accepts your kill.
The wight hits you with a +1 scimitar of freezing!
* * * LOW HITPOINT WARNING * * *
You feel drained.
* * * LOW HITPOINT WARNING * * *
The wight freezes you.
* * * LOW HITPOINT WARNING * * *
Your Ranged Weapons skill increases to level 1!
Your Unarmed Combat skill increases to level 10!
You claw the wight!
The wight is heavily damaged.
You claw the wight!
You destroy the wight!
Trog accepts your kill.
You start resting.
A wight comes into view.
It is wielding a +3 trident of freezing.
The wight barely misses you.
The wight hits you from afar with a +3 trident of freezing.
* * * LOW HITPOINT WARNING * * *
The wight freezes you.
* * * LOW HITPOINT WARNING * * *
The wight hits you with a +3 trident of freezing.
* * * LOW HITPOINT WARNING * * *
You feel drained.
* * * LOW HITPOINT WARNING * * *
The wight freezes you.
* * * LOW HITPOINT WARNING * * *
Items here: )) [[.
You scratch the wight but do no damage.
The wight hits you with a +3 trident of freezing!
You die...

#.........##.).# #..
#.............)# ...
#.!.....#.##.#.# #...
#....####.##.#... #..#
+###.....###......#.#
...........####....#.#
......!.....##.....# .
..........#).........
..
........$..@........#
.. .####....###z..##..
#.#### .### #.. %. #.
..# # ... #... ...


You could see a wight.

Vanquished Creatures
  Joseph (D:7)
  Sigmund (D:2)
  A steam dragon (D:6)
  A water moccasin (D:7)
  Duvessa (D:4)
  A sky beast (D:7)
  2 black bears (D:5)
  An ogre (D:4)
  A centaur (D:6)
  2 phantoms
  A bullfrog (D:7)
  A kobold brigand (D:6)
  Blork the orc (D:4)
  4 scorpions
  9 wights
  Dowan (D:4)
  A howler monkey (D:6)
  An orc priest (D:4)
  5 jellies
  2 iguanas
  8 adders
  A shadow imp (D:6)
  A white imp (D:5)
  4 ufetubi (D:5)
  The ghost of AstroCodex24 the Covered, a weakling DgFi (D:3)
  A dart slug (D:2)
  11 orcs
  4 ball pythons
  3 bats
  9 endoplasms
  A giant cockroach (D:4)
  4 goblins
  3 hobgoblins
  8 jackals
  A quokka (D:3)
  3 frilled lizards
  13 kobolds
  5 rats
119 creatures vanquished.

Notes
Turn   | Place    | Note
-------+----------+-------------------------------------------
     0 | D:1      | Curundu the Troll Berserker began the quest for the Orb.
     0 | D:1      | Reached XP level 1. HP: 22/22 MP: 0/0
   121 | D:1      | Reached XP level 2. HP: 15/29 MP: 1/1
   725 | D:1      | Found a faded altar of an unknown god.
  1021 | D:2      | Noticed Sigmund
  1042 | D:2      | Killed Sigmund
  1043 | D:2      | Reached skill level 4 in Unarmed Combat
  1043 | D:2      | Reached XP level 3. HP: 15/37 MP: 2/2
  1043 | D:2      | Reached XP level 4. HP: 18/45 MP: 3/3
  1043 | D:2      | Reached XP level 5. HP: 22/53 MP: 4/4
  1052 | D:2      | Reached ** piety under Trog
  1232 | D:2      | Found Ahoiluw's Magic Scroll Emporium.
  1235 | D:2      | Bought a scroll of identify for 20 gold pieces
  1235 | D:2      | Bought a scroll of identify for 20 gold pieces
  1480 | D:3      | Reached skill level 5 in Unarmed Combat
  1599 | D:3      | Found an opulent altar of Gozag.
  1722 | D:3      | Found a sparkling altar of Nemelex Xobeh.
  1824 | D:3      | Found a runed translucent gate.
  1825 | D:3      | Found a runed translucent gate.
  1825 | D:3      | Found a runed translucent gate.
  1826 | D:3      | Noticed AstroCodex24's ghost (weakling DgFi)
  1837 | D:3      | Killed AstroCodex24's ghost
  2033 | D:4      | Reached XP level 6. HP: 61/61 MP: 5/5
  2043 | D:4      | Noticed Blork the orc
  2057 | D:4      | Killed Blork the orc
  2076 | D:4      | Noticed Dowan
  2076 | D:4      | Noticed Duvessa
  2100 | D:4      | Killed Duvessa
  2110 | D:4      | Killed Dowan
  2111 | D:4      | Reached skill level 6 in Unarmed Combat
  2257 | D:4      | Reached *** piety under Trog
  2263 | D:4      | Reached XP level 7. HP: 63/67 MP: 6/6
  2396 | D:4      | Reached skill level 1 in Stealth
  2882 | D:5      | Entered Level 5 of the Dungeon
  2889 | D:5      | Reached skill level 7 in Unarmed Combat
  3043 | D:5      | Reached XP level 8. HP: 69/75 MP: 7/7
  3156 | D:5      | Reached skill level 8 in Unarmed Combat
  3329 | D:5      | Found a runed translucent gate.
  3329 | D:5      | Found a runed translucent gate.
  3329 | D:5      | Found a runed translucent gate.
  3417 | D:5      | Noticed pigah's ghost (novice OpSh)
  3584 | D:5      | Found a staircase to the Ecumenical Temple.
  3927 | D:6      | Identified the +9 sling of the Unkillable {heavy, rF+
                  | Int+2}
  4052 | D:6      | Reached skill level 5 in Dodging
  4052 | D:6      | Reached skill level 9 in Unarmed Combat
  4175 | D:6      | Found a bloodstained altar of Trog.
  4856 | D:7      | Reached XP level 9. HP: 84/84 MP: 8/8
  4988 | D:7      | Noticed Joseph
  4999 | D:7      | Reached **** piety under Trog
  5009 | D:7      | Killed Joseph
  5010 | D:7      | Reached skill level 1 in Ranged Weapons
  5010 | D:7      | Reached skill level 10 in Unarmed Combat
  5016 | D:7      | Slain by a wight

Illustrated notes

Levels and vault maps discovered:
D:1:      minmay_arrival_shoal_huts, layout_basic,
          nicolae_ecumenical_lake_church, minmay_pentomino_z4
D:2:      layout_loops_ring, serial_shops, nicolae_shop_rolled_up, uniq_sigmund
D:3:      layout_basic, nicolae_gozag_cash_rules_everything_around_me,
          nemelex_dance_club_becter, ebering_ghost_rock_garden
D:4:      layout_basic, uniq_blork_the_orc, uniq_duvessa
D:5:      layout_basic, minmay_temple_entry_nine_rooms, gammafunk_ghost_icy,
          hangedman_abyss_or_decor_passed, minivault_25, minivault_26
D:6:      layout_basic, nicolae_overflow_crystal_walls
D:7:      layout_rooms, enter_bailey_8, serial_library_hellmonk_h_bend,
          minmay_nine_imps, uniq_joseph

Skill      XL: |  1  2  3  4  5  6  7  8  9 |
---------------+----------------------------+-----
Fighting       | 3 4 |  4.5
Dodging        | 3 4 5 |  5.5
Unarmed Combat | 4 5 6 7 9 10 | 10.2
Stealth        | 1 |  1.9
Ranged Weapons | 1 |  1.3
Throwing       | |  0.3

Action                     |  1- 3 |  4- 6 |  7- 9 || total
---------------------------+-------+-------+-------++-------
  Melee: Unarmed           |    74 |   108 |   158 ||   340
         Punch             |       |     4 |     3 ||     7
   Fire: Sling             |       |       |    10 ||    10
  Throw: Boomerang         |       |       |     2 ||     2
    Use: Scroll            |       |     2 |       ||     2
 Armour: Animal skin       |    68 |    55 |   169 ||   292
  Dodge: Dodged            |    34 |    52 |   108 ||   194

Table legend: (Time is in decaauts)
 A = Elapsed time spent in this place.
 B = Non-inter-level travel time spent in this place.
 C = Inter-level travel time spent in this place.
 D = Time resting spent in this place.
 E = Time spent auto-exploring this place.
 F = Levels seen in this place.
 G = Mean time per level.
                   A        B        C        D        E       F      G
               +--------+--------+--------+--------+--------+-----+--------+
         Total |   4986 |   4986 |      0 |     14 |   3679 |   7 |  712.3 |
       Dungeon |   4986 |   4986 |      0 |     14 |   3679 |   7 |  712.3 |
               +--------+--------+--------+--------+--------+-----+--------+

Top non-repeatable levels by time:
     D:5: 1030 daAuts
     D:6: 899 daAuts
     D:4: 864 daAuts
     D:1: 749 daAuts
     D:2: 636 daAuts
     D:3: 612 daAuts
     D:7: 193 daAuts
